 Dungeon Crawl Stone Soup version 0.17-a0-2058-g8b0eb12 (webtiles) character file.

438 Enroth the Nimble (level 6, -1/32 HPs)
             Began as a Spriggan Fighter on Oct 12, 2015.
             Killed by divine providence
             ... invoked by an orc priest
              (15 damage)
             ... on level 4 of the Dungeon.
             The game lasted 00:12:39 (3138 turns).

Enroth the Nimble (Spriggan Fighter)                Turns: 3138, Time: 00:12:39

Health: -1/32      AC:  5    Str: 12    XL:     6   Next: 69%
Magic:  7/7        EV: 24    Int: 10    God:
Gold:   144        SH:  6    Dex: 17    Spells: 0 memorised, 5 levels left

rFire  + . .     SeeInvis +     a - +0 rapier
rCold  . . .     Clarity  .     n - +2 robe {rC+}
rNeg   . . .     SustAt   +     c - +0 buckler
rPois  .         Gourm    .     (helmet restricted)
rElec  .         Spirit   .     r - +0 cloak
rCorr  .         Warding  .     (gloves unavailable)
rMut   .         Stasis   .     (boots unavailable)
MR     +....                    (no amulet)
Stlth  +++.......               k - ring of fire
                                o - ring of sustain attributes

@: very slightly contaminated, slowed, quick, somewhat resistant to hostile
enchantments, fairly stealthy
A: unfitting armour, see invisible, herbivore 3, speed 3, slow metabolism 2
a: no special abilities


You were on level 4 of the Dungeon.
You were very hungry.

You visited 1 branch of the dungeon, and saw 4 of its levels.

You collected 144 gold pieces.

Inventory:

Hand Weapons
 a - a +0 rapier (weapon)
Armour
 c - a +0 buckler (worn)
 n - a +2 robe of cold resistance (worn)
 r - a +0 cloak (worn)
Jewellery
 k - a ring of fire (right hand)
 m - an uncursed amulet of stasis
 o - a ring of sustain attributes (left hand)
Wands
 b - a wand of frost (24)
 d - a wand of invisibility (4)
Scrolls
 f - 2 scrolls of identify
 g - 2 scrolls of remove curse {unknown}
 h - 2 scrolls of amnesia {unknown}
 i - 2 scrolls of blinking {unknown}
 l - a scroll of magic mapping {unknown}
 p - 2 scrolls of teleportation {unknown}
 t - a scroll of recharging {unknown}
Potions
 j - a potion of brilliance
 s - 4 potions of haste
 u - a potion of ambrosia {unknown}
Comestibles
 e - 3 bread rations
 q - 5 fruits


   Skills:
 + Level 3.0 Fighting
 + Level 3.3 Short Blades
 * Level 8.6 Dodging
 + Level 4.0 Stealth
 + Level 2.7 Shields


You had 5 spell levels left.
You didn't know any spells.

Dungeon Overview and Level Annotations

Branches:
Dungeon (4/15)
 Temple: D:4-7

Altars:

Annotations:
D:4 Natasha


Innate Abilities, Weirdness & Mutations

You are tiny and cannot use many weapons and most armour.
You have supernaturally acute eyesight.
You are a herbivore.
You cover ground extremely quickly.
You need consume almost no food.


Message History

The worker ant closely misses you.
You hit the worker ant.
The worker ant is moderately wounded.
You flicker back into view.
The worker ant misses you. Natasha misses you. The worker ant misses you.
You block the orc priest's attack. The orc completely misses you.
You hit the worker ant.
The worker ant is heavily wounded.
The worker ant closely misses you. You block the worker ant's attack.
Natasha misses you. The orc priest hits you with a whip.
The orc barely misses you.
The worker ant waves its antennae.
The worker ant bites you. The worker ant misses you.
Natasha completely misses you.
The orc priest looks braver for a moment.
Natasha stares at you and mumbles some strange words.
You feel yourself slow down.
The orc priest mumbles some strange prayers to Beogh against you.
Something smites you!
You die...

#.# ####..####.###
#.###.#...# #.†.####
####.##....#.## ###....#
.....##.......###..........
.....##.............##..###
>....#..............# .#
.....#..............###..#
........................ ..
.....#..........@.....# .
...<.#................#
)....#.......o.aa.......
)....#...>.)............
.....#......oh..........
......<...........)..##.
..........##....###.##
...........[...... ..#
.................## ..


You could see 2 worker ants, an orc priest, Natasha and an orc.

Vanquished Creatures
  Sigmund (D:2)
  Ijyb (D:3)
  A crimson imp (D:4)
  Jessica (D:2)
  Natasha (D:4)
  An orc priest (D:4)
  8 adders
  2 oozes
  3 worms (D:2)
  An orc (D:3)
  3 ball pythons
  2 bats
  4 giant cockroaches
  7 goblins
  10 hobgoblins
  4 jackals (D:1)
  4 giant newts
  6 kobolds
  2 quokkas (D:2)
  17 rats
79 creatures vanquished.

Notes
Turn   | Place    | Note
--------------------------------------------------------------
     0 | D:1      | Enroth the Spriggan Fighter began the quest for the Orb.
     0 | D:1      | Reached XP level 1. HP: 11/11 MP: 2/2
   173 | D:1      | Reached XP level 2. HP: 8/16 MP: 3/3
   570 | D:1      | Reached skill level 5 in Dodging
   671 | D:1      | Reached XP level 3. HP: 13/19 MP: 4/4
   936 | D:2      | Noticed Jessica
   939 | D:2      | Noticed Sigmund
  1247 | D:2      | Killed Sigmund
  1247 | D:2      | Reached skill level 7 in Dodging
  1247 | D:2      | Reached skill level 1 in Stealth
  1247 | D:2      | Reached XP level 4. HP: 9/23 MP: 5/5
  1247 | D:2      | Reached XP level 5. HP: 10/28 MP: 6/6
  1682 | D:2      | Killed Jessica
  1682 | D:2      | Reached XP level 6. HP: 8/32 MP: 7/7
  2133 | D:3      | Reached skill level 8 in Dodging
  2480 | D:3      | Noticed Ijyb
  2531 | D:3      | Killed Ijyb
  3080 | D:4      | Noticed Natasha
  3100 | D:4      | Killed Natasha
  3120 | D:4      | Noticed Natasha
  3138 | D:4      | Killed from afar by an orc priest

Vault maps used:
D:1:      minmay_arrival_stone_box, minmay_rat_gold_closets
D:2:      uniq_sigmund, uniq_jessica
D:3:      uniq_iyjb
D:4:      first_bread, minmay_misc_feat_doors, uniq_natasha

Action                   |  1- 3 |  4- 6 || total
-------------------------+-------+-------++-------
Melee: Rapier            |   162 |   212 ||   374
Evoke: Wand              |       |     1 ||     1
  Use: Potion            |     1 |     5 ||     6
       Scroll            |       |     1 ||     1
 Stab: Sleeping          |     2 |     9 ||    11
       Invisible         |     4 |     4 ||     8
       Distracted        |       |     1 ||     1
